 Dungeon Crawl Stone Soup version 0.19.1-1-g22dce08 (webtiles) character file.

522 colevolk the Cudgeler (level 7, -2/41 HPs)
             Began as a Gargoyle Gladiator on Jan 12, 2017.
             Was an Initiate of Qazlal.
             Killed from afar by an orc wizard (4 damage)
             ... with a magic dart
             ... on level 5 of the Dungeon.
             The game lasted 00:21:01 (4202 turns).

colevolk the Cudgeler (Gargoyle Gladiator)          Turns: 4202, Time: 00:21:01

Health: -2/41      AC: 12    Str: 20    XL:     7   Next: 22%
Magic:  7/7        EV: 11    Int:  9    God:    Qazlal [......]
Gold:   208        SH:  4    Dex: 10    Spells: 0 memorised, 6 levels left

rFire  . . .     SeeInvis .     a - +0 flail
rCold  . . .     Gourm    .     q - +0 scale mail
rNeg   + . .     Faith    .     (no shield)
rPois  ∞         Spirit   .     m - +0 helmet
rElec  +         Reflect  +     (no cloak)
rCorr  .         Harm     .     (no gloves)
MR     .....                    (no boots)
Stlth  ..........               g - +4 amulet of reflection
                                (no ring)
                                (no ring)

@: no status effects
A: negative energy resistance 1, electricity resistance, unbreathing,
petrification resistance, rot immunity, AC +4
a: Renounce Religion


You were on level 5 of the Dungeon.
You worshipped Qazlal.
Qazlal was noncommittal.
You were not hungry.

You visited 1 branch of the dungeon, and saw 5 of its levels.

You collected 208 gold pieces.

Inventory:

Hand Weapons
 a - a +0 flail (weapon)
 e - a +0 club
 i - a +0 hand axe
 n - a +0 hunting sling
 p - a +0 flail
Missiles
 d - 3 throwing nets (quivered)
Armour
 b - a +0 leather armour
 c - a +0 helmet
 m - a +0 helmet (worn)
 q - a +0 scale mail (worn)
Jewellery
 g - a +4 amulet of reflection (around neck)
Scrolls
 j - a scroll of identify
 t - 2 scrolls of teleportation
 v - a scroll of recharging {unknown}
 w - a scroll of fear {unknown}
Potions
 k - 2 potions of brilliance
 o - a potion of beneficial mutation {unknown}
 s - a potion of cure mutation {unknown}
 u - a potion of mutation {unknown}
 z - 3 potions of resistance {unknown}
Comestibles
 f - a bread ration
 h - a royal jelly
 l - 2 slices of pizza


   Skills:
 + Level 3.4 Fighting
 + Level 5.6 Maces & Flails
 + Level 2.1 Throwing
 + Level 3.4 Armour
 + Level 3.7 Dodging
 + Level 0.5 Stealth


You had 6 spell levels left.
You didn't know any spells.

Dungeon Overview and Level Annotations

Branches:
Dungeon (5/15)
 Temple: D:4-7

Altars:
Gozag
Okawaru
Qazlal


Innate Abilities, Weirdness & Mutations

You are resistant to torment.
Your stone body is resilient. (AC +4)
You are immune to poison.
You resist negative energy. (rN+)
You are resistant to electric shocks. (rElec)
You can survive without breathing.
You are immune to petrification.
You are immune to rotting.


Message History

You resist with some effort.
You bump into the rock wall.
The orc wizard hits you with a dagger.
* * * LOW HITPOINT WARNING * * *
You bump into the rock wall.
The orc wizard closely misses you.
You bump into the rock wall.
The orc wizard hits you but does no damage.
You bump into the rock wall.
You feel less confused. The orc wizard casts a spell at you.
The magic dart hits you!
* * * LOW HITPOINT WARNING * * *
A gnoll comes into view. It is wielding a club.
The gnoll moves out of view.
A gnoll comes into view. It is wielding a flail.
The gnoll shouts!
The gnoll moves out of view.
The gnoll drinks a potion.
The gnoll seems to grow stronger.
The orc wizard gestures at you while chanting.
The magic dart hits you!
You die...

*,* ***,,,,8,,,,*##.# *,*
***,,,,,###...#
*,****##*,,,,,#..#***
****,,,,,,.##,,,##..#
*****,,,,,,,,##.#,,,#...#
*,,,,,*#######..##,##...#
*,,,,,*..........#_#....#
*,,,,,*,**#......#####.##
*,,,,,*,* #.....@.# #.#
*,,,,,*,* #....ggo# #.#
,,,,,,*,* #.......# ##.#
*,,,,.#.###.....#.# #..#
,,,,,.......<.#.#w# #.##
,,,,,...##.#....#o# #.#
*****#*#...#..###.# #.#
#**#.###..# #.###.#
##.#......####...#.#


You could see a worm, an orc wizard, 2 gnolls and an orc.

Vanquished Creatures
  The ghost of Inchmeat the Archer, an amateur HEHu (D:3)
  An ogre (D:5)
  A crimson imp (D:5)
  A bullfrog skeleton (D:5)
  3 hounds
  A worker ant (D:5)
  6 gnolls
  An adder (D:5)
  A worm (D:2)
  A dart slug (D:5)
  2 leopard geckos
  7 orcs
  8 bats
  2 giant cockroaches
  5 goblins
  8 hobgoblins
  7 jackals
  A quokka (D:3)
  A ball python (D:2)
  3 frilled lizards
  8 kobolds
  A quokka skeleton (D:4)
  7 rats
77 creatures vanquished.

Vanquished Creatures (others)
  A kobold (D:3)
1 creature vanquished.

Grand Total: 78 creatures vanquished

Notes
Turn   | Place    | Note
-------+----------+-------------------------------------------
     0 | D:1      | colevolk the Gargoyle Gladiator began the quest for the Orb.
     0 | D:1      | Reached XP level 1. HP: 12/12 MP: 1/1
   393 | D:1      | Reached XP level 2. HP: 15/17 MP: 2/2
  1008 | D:2      | Found an opulent altar of Gozag.
  1116 | D:2      | Reached XP level 3. HP: 12/22 MP: 3/3
  1568 | D:2      | Found a faded altar of an unknown god.
  1708 | D:3      | Reached skill level 1 in Armour
  1708 | D:3      | Reached XP level 4. HP: 25/27 MP: 4/4
  1751 | D:3      | Noticed Inchmeat's ghost (amateur HEHu)
  1824 | D:3      | Killed Inchmeat's ghost
  1824 | D:3      | Reached skill level 4 in Maces & Flails
  1824 | D:3      | Reached XP level 5. HP: 15/31 MP: 5/5
  2685 | D:3      | Reached XP level 6. HP: 25/36 MP: 6/6
  2777 | D:3      | Found a stormy altar of Qazlal.
  2828 | D:3      | Became a worshipper of Qazlal Stormbringer
  3051 | D:4      | Found an iron altar of Okawaru.
  3343 | D:5      | Entered Level 5 of the Dungeon
  3715 | D:5      | Reached skill level 5 in Maces & Flails
  4123 | D:5      | Reached XP level 7. HP: 38/41 MP: 7/7
  4193 | D:5      | HP: 1/41 [orc wizard/magic dart (7)]
  4202 | D:5      | Killed from afar by an orc wizard

Skill      XL: |  1  2  3  4  5  6 |
---------------+-------------------+-----
Throwing       | 2 |  2.1
Armour         | 1 2 3 |  3.4
Maces & Flails | 4 5 |  5.6
Dodging        | 3 |  3.7
Fighting       | 3 |  3.4
Stealth        | |  0.5

Action                   |  1- 3 |  4- 6 |  7- 9 || total
-------------------------+-------+-------+-------++-------
Melee: Flail             |   116 |   237 |    20 ||   373
  Use: Scroll            |     4 |     2 |       ||     6
  Eat: Bread ration      |     1 |     1 |       ||     2
       Meat ration       |       |     1 |       ||     1
Armor: Leather armour    |    61 |    32 |       ||    93
       Scale mail        |       |   146 |    15 ||   161
Dodge: Dodged            |   109 |   223 |    15 ||   347
Block: Other             |    30 |    70 |     3 ||   103
       Reflection        |       |     2 |       ||     2
